 Dungeon Crawl Stone Soup version 0.29-a0-1047-g7c58e119a4 (webtiles) character file.

Game seed: 16615468907656924988

221 siradein the Trooper (level 5, -8/50 HPs)
             Began as a Hill Orc Fighter on Aug 17, 2022.
             Mangled by a gnoll
             ... wielding a +0 halberd
              (13 damage)
             ... on level 3 of the Dungeon.
             The game lasted 00:03:43 (2438 turns).

siradein the Trooper (Hill Orc Fighter)             Turns: 2438, Time: 00:03:44

Health: -8/50      AC:  9    Str: 21    XL:     5   Next: 98%
Magic:  5/5        EV:  7    Int:  8    God:
Gold:   117        SH:  4    Dex: 10    Spells: 4/4 levels left

rFire   + + .      SeeInvis .   p - +11 hand axe of Nydur {drain, Fragile rF++ rC- rCorr}
rCold   x . .      Faith    .   c - +0 buckler
rNeg    . . .      Spirit   .   t - +0 chain mail
rPois   .          Reflect  .   (no helmet)
rElec   .          Harm     .   (no cloak)
rCorr   +          Rampage  .   (no gloves)
Will    .....                   (no boots)
Stlth   ..........              (no amulet)
HPRegen 0.16/turn               (no ring)
MPRegen 0.09/turn               (no ring)

@: no status effects
A: no striking features
a: no special abilities


You were on level 3 of the Dungeon.
You visited 1 branch of the dungeon, and saw 3 of its levels.

You collected 117 gold pieces.

Inventory:

Hand Weapons
 a - a +0 trident
 p - the +11 hand axe of Nydur (weapon) {drain, Fragile rF++ rC- rCorr}
   (You took it off a goblin on level 2 of the Dungeon)

   A truly terrible weapon, it drains the life of any living foe it strikes.
   rF:        It greatly protects you from fire.
   rC:        It makes you vulnerable to cold.
   rCorr:     It protects you from acid and corrosion.
   Fragile:   It will be destroyed if unequipped.
Armour
 c - a +0 buckler (worn)
 t - a +0 chain mail (worn)
Jewellery
 g - a ring of ice
Scrolls
 f - a scroll of butterflies {unknown}
 j - a scroll of magic mapping {unknown}
 k - a scroll of teleportation {unknown}
 o - 2 scrolls of silence {unknown}
 q - a scroll of enchant weapon {unknown}
 r - a scroll of brand weapon {unknown}
Potions
 d - a potion of might
 e - a potion of haste
 h - a potion of berserk rage {unknown}
 i - a potion of resistance
 l - a potion of attraction {unknown}
 m - 2 potions of mutation {unknown}
 n - a potion of flight {unknown}
 s - 2 potions of curing


   Skills:
 + Level 6.0 Fighting
 + Level 4.9 Polearms
 - Level 3.2 Armour
 - Level 3.2 Shields


You had 4 spell levels left.
You didn't know any spells.
Your spell library contained the following spells:

 Spells                   Type           Power      Damage    Failure   Level
 Freeze                   Ice            0%         1d3       99%         1
 Scorch                   Fire           0%         2d5       100%        2
 Sublimation of Blood     Necr           0%         N/A       100%        2
 Frozen Ramparts          Ice            0%         1d1       100%        3
 Flame Wave               Conj/Fire      0%         2d4       100%        4
 Hailstorm                Conj/Ice       0%         3d3       100%        4
 Petrify                  Tmut/Erth      0%         N/A       100%        4
 Irradiate                Conj/Tmut      0%         3d11      100%        5
 Summon Cactus Giant      Summ           0%         N/A       100%        6


Dungeon Overview and Level Annotations

Branches:
Dungeon (3/15)

Altars:
Elyvilon


Message History

The adder bites you but does no damage.
You slash the adder! You drain the adder.
You kill the adder!
A gnoll comes into view. It is wielding a +0 halberd.
A gnoll comes into view. It is wielding a +0 halberd.
The gnoll shouts!
There are monsters nearby!
You hit the gnoll. You drain the gnoll.
The gnoll is heavily wounded.
The gnoll hits you with a +0 flail. You block the gnoll's attack.
The gnoll barely misses you.
You closely miss the gnoll.
The gnoll is heavily wounded.
You block the gnoll's attack.
The gnoll hits you from afar with a +0 halberd.
You barely miss the gnoll.
The gnoll is heavily wounded.
The gnoll hits you with a +0 flail!
The gnoll hits you from afar with a +0 halberd!
You are too injured to fight recklessly!
You are too injured to fight recklessly!
You are too injured to fight recklessly!
You are too injured to fight recklessly!
You slash the gnoll!
You kill the gnoll!
The gnoll barely misses you.
Your Fighting skill increases to level 6!
The gnoll hits you but does no damage. The gnoll hits you with a +0 halberd!
* * * LOW HITPOINT WARNING * * *
You see here a +0 flail.
You slash the gnoll!
The gnoll is severely wounded.
The gnoll hits you from afar with a +0 halberd!
* * * LOW HITPOINT WARNING * * *
You block the gnoll's attack.
You slash the gnoll!
You kill the gnoll!
The gnoll hits you but does no damage. The gnoll hits you with a +0 halberd!
You die...

####.###
#.##.##..###########
#.# # ##.##..# #.#
#.##.##..#
#.#####.##.##..#
#..............#
##.###.# #..###.#
###......# #......#
(....###.###..######.#
####.# #.......)@g...#
#.# ###.###########
#.. .>[# #########


You could see a gnoll.

Vanquished Creatures
  Natasha (thrice) (D:2)
  2 gnolls (D:3)
  7 adders
  3 dart slugs (D:1)
  An orc (D:3)
  5 bats
  5 endoplasms
  3 giant cockroaches
  6 goblins
  4 hobgoblins
  A jackal (D:1)
  4 kobolds
  2 quokkas
  3 ball pythons
  5 frilled lizards
  8 rats
62 creatures vanquished.

Notes
Turn   | Place    | Note
-------+----------+-------------------------------------------
     0 | D:1      | siradein the Hill Orc Fighter began the quest for the Orb.
     0 | D:1      | Reached XP level 1. HP: 19/19 MP: 1/1
    96 | D:1      | Reached XP level 2. HP: 27/27 MP: 2/2
   109 | D:1      | Reached skill level 4 in Fighting
   521 | D:1      | Reached XP level 3. HP: 32/34 MP: 3/3
   829 | D:1      | Found a faded altar of an unknown god.
   987 | D:2      | Noticed Natasha
  1008 | D:2      | Killed Natasha
  1009 | D:2      | Reached XP level 4. HP: 11/41 MP: 4/4
  1331 | D:2      | Identified the +11 hand axe of Nydur {drain, Fragile rF++
                  | rC- rCorr}
  1469 | D:2      | Reached skill level 5 in Fighting
  1752 | D:2      | Found a white marble altar of Elyvilon.
  1795 | D:2      | Reached XP level 5. HP: 48/48 MP: 5/5
  1816 | D:2      | Noticed Natasha
  1829 | D:2      | Killed Natasha
  1839 | D:2      | Noticed Natasha
  1842 | D:2      | Killed Natasha
  2435 | D:3      | Reached skill level 6 in Fighting
  2438 | D:3      | Mangled by a gnoll

Illustrated notes

Levels and vault maps discovered:
D:1:      co_arrival_random_square_maze, layout_basic,
          ebering_ecumenical_altar_abandoned, hangedman_feature_mirror,
          minmay_cupped
D:2:      layout_basic, basic_altar, minmay_tripent, uniq_natasha
D:3:      layout_loops_ring

Skill      XL: |  1  2  3  4  5 |
---------------+----------------+-----
Fighting       | 4 5 6 |  6.0
Polearms       | 3 4 |  4.9
Armour         | |  3.2
Shields        | |  3.2

Action                   |  1- 3 |  4- 6 || total
-------------------------+-------+-------++-------
Melee: Trident           |    82 |     3 ||    85
       Hand axe          |       |    52 ||    52
  Use: Scroll            |       |     4 ||     4
Armor: Scale mail        |    26 |    13 ||    39
       Chain mail        |       |     3 ||     3
Dodge: Dodged            |    25 |    22 ||    47
Block: Buckler           |    11 |    10 ||    21

Table legend: (Time is in decaauts)
 A = Elapsed time spent in this place.
 B = Non-inter-level travel time spent in this place.
 C = Inter-level travel time spent in this place.
 D = Time resting spent in this place.
 E = Time spent auto-exploring this place.
 F = Levels seen in this place.
 G = Mean time per level.
                   A        B        C        D        E       F      G
               +--------+--------+--------+--------+--------+-----+--------+
         Total |   2472 |   2428 |     44 |      3 |   2044 |   3 |  824.0 |
       Dungeon |   2472 |   2428 |     44 |      3 |   2044 |   3 |  824.0 |
               +--------+--------+--------+--------+--------+-----+--------+

Top non-repeatable levels by time:
     D:2: 1124 daAuts
     D:1: 948 daAuts
     D:3: 399 daAuts
